[Event "Late-Titled-Tuesday-Blitz-October-24-2023"]
[Site "Chess.com"]
[Date "2023.10.24"]
[Round "8"]
[White "Eloist"]
[Black "Skatchkov_V"]
[Result "1/2-1/2"]
[WhiteElo "2442"]
[BlackElo "2547"]
[TimeControl "180+1"]
[EndTime "15:26:20 PDT"]
[Termination "Game drawn by repetition"]

1. e4 e5 2. Bc4 Nf6 3. d3 c6 4. Nf3 d5 5. Bb3 a5 6. a4 Bb4+ 7. c3 Bd6 8. exd5 Nxd5 9. Nbd2 Nd7 10. Ne4 Bc7 11. O-O O-O 12. d4 h6 13. Re1 exd4 14.
Qxd4 Bb6 15. Qd3 Nc5 16. Nxc5 Bxc5 17. Bxd5 cxd5 18. Be3 Bd6 19. Rad1 Be6 20. Nd4 Qh4 21. g3 Qh3 22. Nxe6 fxe6 23. Bd4 Rf7 24. f4 Qg4 25. Qe2 Qxe2 26. Rxe2 Re7 27. Rde1 Kf7 28. Kg2 Rb8 29. Bb6 Ra8 30. Kf3 g6 31. g4 Rc8 32. Bd4 Rb8 33. h4 b5 34. axb5 Rxb5 35. h5 gxh5 36. gxh5 Rb8 37. Rg1 Rf8 38. Bg7 Rg8 39. Reg2 Bc5 40.
Bd4 Rxg2 41. Rxg2 Bxd4 42. cxd4 Rb7 43. f5 exf5 44. Kf4 Rb4 45. Ke5 Rb3 46. Kxd5 Rh3 47. Kc6 Rxh5 48. d5 Rh1 49. d6 Rc1+ 50. Kd7 Rd1 51.
Rf2 Kf6 52. Kc7 Rc1+ 53. Kd7 Rd1 54. Kc7 Ke5 55. Re2+ Kf4 56. d7 Rc1+ 57. Kb7 Rd1 58. Kc7 Rc1+ 59. Kb7 Rd1 60. Kc7 1/2-1/2

[Event "Late-Titled-Tuesday-Blitz-October-24-2023"]
[Site "Chess.com"]
[Date "2023.10.24"]
[Round "8"]
[White "NikolaGry"]
[Black "Tonychess32"]
[Result "1-0"]
[WhiteElo "2738"]
[BlackElo "2541"]
[TimeControl "180+1"]
[EndTime "15:26:22 PDT"]
[Termination "NikolaGry won on time"]

1. d4 e6 2. Nf3 Nf6 3. c4 b6 4.
g3 Bb7 5. Bg2 Be7 6. O-O O-O 7.
Nc3 Ne4 8. Bd2 Nxc3 9. Bxc3 d6 10. Qc2 f5 11. Nd2 Bxg2 12. Kxg2 Nd7 13. e4 f4 14. Rae1 Qe8 15. Qa4 f3+ 16. Kh1 Rd8 17. Qd1 Qh5 18. Re3 Bg5 19. Rxf3 Qh3 20. Rxf8+ Rxf8 21. f4 Be7 22.
Qf3 e5 23. Qg2 Qg4 24. h3 Qh5 25. dxe5 dxe5 26. f5 a5 27. Nf3 Bd6 28. g4 Qf7 29. b3 Qe7 30. Bd2 Nc5 31. Qe2 Qd7 32. Re1 h6 33.
Kh2 Rd8 34. g5 hxg5 35. Bxg5 Be7 36. Rg1 Bxg5 37. Rxg5 Qc6 38. Qg2 Rd7 39. Rg6 Qa8 40.
Nxe5 Re7 41. f6 1-0

[Event "Late-Titled-Tuesday-Blitz-October-24-2023"]
[Site "Chess.com"]
[Date "2023.10.24"]
[Round "8"]
[White "aranibos"]
[Black "Nick12772"]
[Result "0-1"]
[WhiteElo "2261"]
[BlackElo "2378"]
[TimeControl "180+1"]
[EndTime "15:26:25 PDT"]
[Termination "Nick12772 won by resignation"]

1. d4 Nf6 2. Nf3 g6 3. Bg5 Bg7 4. Nbd2 d5 5. e3 O-O 6. Bd3 Bf5 7. Bxf5 gxf5 8. c4 c6 9. Ne5 Nbd7 10. f4 Qa5 11. O-O e6 12. a3 dxc4 13. Ndxc4 Qd5 14. Rc1 Ne4 15. Nxd7 Qxd7 16. Qh5 f6 17. Bh4 Qf7 18. Qf3 b5 19. Na5 Nd2 20. Qxc6 Nxf1 21. Rxf1 a6 22. Qb7 Qxb7 23. Nxb7 Rac8 24. Nc5 e5 25. fxe5 fxe5 26.
Ne6 Rf7 27. Nxg7 Kxg7 28. dxe5 Re8 29. Bf6+ Kg6 30. Rf3 Rd7 31. Rg3+ Kf7 32. Kf2 Rd2+ 33. Kf3 Ke6 34. Rg7 Rd7 35. Rg5 Rc8 36. g4 fxg4+ 37. Rxg4 Rc4 38. Rg8 Rc2 39. b4 Rxh2 40. Re8+ Kf7 41.
Ra8 Rd3 42. Rxa6 Ra2 43. Kf4 Raxa3 44. Kf5 Rxa6 45. e6+ Rxe6 46. e4 Rf3+ 0-1

[Event "Late-Titled-Tuesday-Blitz-October-24-2023"]
[Site "Chess.com"]
[Date "2023.10.24"]
[Round "8"]
[White "GMJustin"]
[Black "taleslascando"]
[Result "1-0"]
[WhiteElo "2263"]
[BlackElo "2012"]
[TimeControl "180+1"]
[EndTime "15:26:27 PDT"]
[Termination "GMJustin won by resignation"]

1. d4 Nf6 2. c4 g6 3. Nc3 Bg7 4. e4 d6 5. f3 Nc6 6. Nge2 O-O 7. Be3 a6 8. Qd2 Na5 9. Nc1 c5 10. d5 b5 11. cxb5 axb5 12. Bxb5 e6 13. dxe6 Bxe6 14. O-O Nc4 15. Bxc4 Bxc4 16. Rd1 d5 17. Bxc5 Re8 18. exd5 Rc8 19. Bd4 Nxd5 20. Bxg7 Kxg7 21. Nxd5 Bxd5 22.
Qd4+ Kg8 23. Nb3 Bxb3 24. Qxd8 Rexd8 25. Rxd8+ Rxd8 26. axb3 Rb8 27. Ra3 Rb7 28. Kf2 Kf8 29. Ke3 Ke7 30. Kd4 Kd6 31. Ra6+ Ke7 32. Kc3 h5 33. b4 Kd7 34. Rf6 Ke7 35. Rf4 Ke6 36.
Rd4 Ke5 37. f4+ Kf5 38. Kc4 Kg4 39. b5 h4 40. Kc5 h3 41. gxh3+ Kxh3 42. Rd2 Kg4 43. Kc6 Re7 44. b6 Kxf4 45. b7 Re6+ 46.
Rd6 Re8 47. Rf6+ Kg5 48. Rxf7 1-0

[Event "Late-Titled-Tuesday-Blitz-October-24-2023"]
[Site "Chess.com"]
[Date "2023.10.24"]
[Round "8"]
[White "IgorBjelobrk"]
[Black "victormago"]
[Result "1-0"]
[WhiteElo "2600"]
[BlackElo "2427"]
[TimeControl "180+1"]
[EndTime "15:26:28 PDT"]
[Termination "IgorBjelobrk won on time"]

1. d4 Nf6 2. c4 c5 3. d5 e6 4. Nc3 exd5 5. cxd5 d6 6. Nf3 g6 7. g3 Bg7 8. Bg2 O-O 9. O-O Re8 10.
Re1 Ne4 11. Nxe4 Rxe4 12. Qc2 Bf5 13. Bh3 Re5 14. Bxf5 Rxf5 15. Kg2 Rxd5 16. e4 Rh5 17. g4 Qc8 18. h3 Rh6 19. Bxh6 Bxh6 20. Rad1 Bf8 21.
b4 Nc6 22. b5 Nd8 23. Rd5 Ne6 24.
Rdd1 h5 25. Kg3 hxg4 26. hxg4 Qc7 27. Rd5 a6 28. Rb1 axb5 29. Rxb5 Ra3 30. Rb3 Ra6 31. Qb1 b6 32. Rbd3 Ra4 33. Rd1 Ra3 34. R5d3 Ra4 35.
Rd5 Ra3 36. R1d3 Ra4 37. Rb3 Ra6 38. a3 Bg7 39. Rbd3 Nd4 40. Nxd4 Bxd4 41. Qc1 Qe7 42. f3 Be5+ 43. Kg2 1-0

[Event "Late-Titled-Tuesday-Blitz-October-24-2023"]
[Site "Chess.com"]
[Date "2023.10.24"]
[Round "8"]
[White "Hirna2005"]
[Black "zivicd"]
[Result "0-1"]
[WhiteElo "2301"]
[BlackElo "2179"]
[TimeControl "180+1"]
[EndTime "15:26:29 PDT"]
[Termination "zivicd won on time"]

1. e4 c6 2. Nc3 d5 3. Nf3 Bg4 4. h3 Bxf3 5. Qxf3 Nf6 6. e5 Nfd7 7. d4 e6 8. Ne2 c5 9. c3 Nc6 10. Be3 Qb6 11. Rb1 cxd4 12. Bxd4 Ndxe5 13. Bxe5 Nxe5 14.
Qg3 Bd6 15. Qxg7 O-O-O 16. Nd4 Rhg8 17. Qxh7 Nc6 18. Nxc6 bxc6 19. Qd3 Kc7 20. g3 Bc5 21. Qf3 d4 22. Bd3 f5 23. O-O Bd6 24. c4 Rg6 25.
Kh2 Rdg8 26. Rg1 Qc5 27. a3 Qe5 28. Rg2 f4 29. g4 Rh6 30. Kg1 Qf6 31. b4 Qh4 32. c5 Be5 33. Re1 Bg7 34. Re5 Qxh3 35.
Qxh3 Rxh3 36. Rxe6 Rgh8 37. Kf1 f3 38. Rg1 Bh6 39.
Rf6 Bd2 40. Rf7+ Kb8 41. g5 Re8 0-1

[Event "Late-Titled-Tuesday-Blitz-October-24-2023"]
[Site "Chess.com"]
[Date "2023.10.24"]
[Round "8"]
[White "TigrVShlyape"]
[Black "igorkovalenko"]
[Result "0-1"]
[WhiteElo "2840"]
[BlackElo "2947"]
[TimeControl "180+1"]
[EndTime "15:26:30 PDT"]
[Termination "igorkovalenko won on time"]

1. d4 Nf6 2. Bf4 c5 3. e3 b6 4. Nf3 Bb7 5. Nbd2 cxd4 6. exd4 d6 7. h3 Nbd7 8. a4 a6 9. Bd3 g6 10. O-O Bg7 11. Re1 O-O 12. c3 Re8 13. Bc4 Qc7 14.
Qb3 e6 15. Ng5 Qc6 16. Ndf3 Rac8 17. Nxf7 Qxc4 18. Qxc4 Rxc4 19. Nxd6 Bxf3 20. Nxc4 Ba8 21. Nd6 Re7 22. c4 h6 23. a5 Nh5 24. Be3 bxa5 25. Rxa5 Nb8 26. b4 Rd7 27. c5 Bd5 28. Ne8 Rb7 29. Nxg7 Kxg7 30. Rb1 Bc6 31. g4 Nf6 32. Bf4 Nfd7 33. Ra3 g5 34. Bd6 Bd5 35. Kh2 Kg6 36. Kg3 h5 37. gxh5+ Kxh5 38. f4 Nc6 39.
Rxa6 Nf6 40. fxg5 Ne4+ 41. Kh2 Nxd4 42. Ra3 Nxg5 43. b5 Nxb5 0-1

[Event "Late-Titled-Tuesday-Blitz-October-24-2023"]
[Site "Chess.com"]
[Date "2023.10.24"]
[Round "8"]
[White "Byniolus"]
[Black "Dacean99"]
[Result "0-1"]
[WhiteElo "2779"]
[BlackElo "2601"]
[TimeControl "180+1"]
[EndTime "15:26:30 PDT"]
[Termination "Dacean99 won by resignation"]

1. d4 d5 2. Bf4 Nf6 3. e3 c5 4. c3 Nc6 5. Nd2 cxd4 6. cxd4 Bf5 7. Ngf3 e6 8. Qb3 Qb6 9. Qxb6 axb6 10. Bb5 Bb4 11. Ke2 O-O 12. Rhc1 Rfc8 13. a3 Be7 14. Rc3 Na7 15. Rxc8+ Rxc8 16. Bd3 Ne4 17. Nb3 h6 18. h3 Nd6 19. Bxd6 Bxd3+ 20. Kxd3 Bxd6 21. Rc1 Rxc1 22. Nxc1 b5 23. Ne5 Bxe5 24. dxe5 Nc6 25. f4 b4 26. a4 Na5 27. Kd4 b6 28. Na2 Nb3+ 29. Kd3 Nc5+ 30. Kd2 Nxa4 31. Kc2 Nc5 32. Nxb4 Kf8 33. Nc6 Ke8 34. Kc3 Kd7 35. Nd4 Kc7 36. Kb4 Nd3+ 37.
Kc3 Ne1 38. g4 Ng2 39. Kd2 Nh4 40. f5 exf5 41. gxf5 g6 42. f6 Kd7 43. e4 dxe4 44. Ke3 Nf5+ 45. Kxe4 Nxd4 46. Kxd4 Ke6 47. b4 g5 48. Kc4 h5 49. Kb5 g4 50. hxg4 hxg4 51. Kxb6 g3 52. b5 g2 53. Kc7 g1=Q 54. b6 Qc5+ 0-1

[Event "Late-Titled-Tuesday-Blitz-October-24-2023"]
[Site "Chess.com"]
[Date "2023.10.24"]
[Round "8"]
[White "ExchangeAB"]
[Black "Inepton_Fermion"]
[Result "0-1"]
[WhiteElo "2492"]
[BlackElo "2372"]
[TimeControl "180+1"]
[EndTime "15:26:30 PDT"]
[Termination "Inepton_Fermion won by resignation"]

1. d4 Nf6 2. Nc3 d5 3. Bf4 a6 4.
e3 e6 5. Nf3 c5 6. dxc5 Bxc5 7.
Bd3 b5 8. O-O Bb7 9. Ne5 O-O 10.
Qe2 Nbd7 11. a3 b4 12. axb4 Bxb4 13. Nb1 Nc5 14. c3 Nxd3 15. Qxd3 Bd6 16. Nd2 Qc7 17. Ndf3 Nh5 18. Rfc1 f6 19. Ng4 e5 20. Qf5 g6 21.
Qe6+ Kh8 22. Ngxe5 fxe5 23. Nxe5 Nxf4 24. exf4 Rae8 25.
Nxg6+ hxg6 26. Qxg6 Bxf4 27. Re1 Rxe1+ 28. Rxe1 Qg7 29. Qxg7+ Kxg7 30. g3 Bg5 31. Re5 Bf6 32. Re3 Rf7 33. f4 Re7 34. Rd3 Re2 35. h3 d4 36. cxd4 Rg2+ 37. Kf1 Rxb2 38. g4 a5 39. g5 Ba6 40. gxf6+ Kxf6 41. Ke1 Bxd3 0-1

[Event "Late-Titled-Tuesday-Blitz-October-24-2023"]
[Site "Chess.com"]
[Date "2023.10.24"]
[Round "8"]
[White "sergiochess83"]
[Black "chess94cu"]
[Result "1-0"]
[WhiteElo "2877"]
[BlackElo "2648"]
[TimeControl "180+1"]
[EndTime "15:26:31 PDT"]
[Termination "sergiochess83 won by resignation"]

1. d4 Nf6 2. c4 e6 3. g3 d5 4. Bg2 Be7 5. Nf3 O-O 6. Qc2 a6 7. Bf4 dxc4 8. Qxc4 Nd5 9. O-O b5 10. Qc2 Nd7 11. Nbd2 Bb7 12. Nb3 c5 13. dxc5 Rc8 14. Rad1 Nxc5 15. Nxc5 Bxc5 16. Qb3 Qb6 17. Ne5 Rfd8 18.
Nd3 Be7 19. Bd2 h6 20. e4 Nf6 21. Be3 Qc7 22. f3 Qc4 23. Qxc4 bxc4 24. Ne5 c3 25. bxc3 Rxc3 26. Rxd8+ Bxd8 27. Bd4 Rc2 28. Rb1 Bc8 29. Bf1 Nd7 30. Nxd7 Bxd7 31. Rb8 Rc8 32. Rxc8 Bxc8 33. Kf2 f6 34. Ke3 Kf7 35. Bc4 Bc7 36. f4 Ke7 37. e5 fxe5 38. Bxe5 Bb7 39. Bxc7 1-0

[Event "Late-Titled-Tuesday-Blitz-October-24-2023"]
[Site "Chess.com"]
[Date "2023.10.24"]
[Round "8"]
[White "dedpihto_v_kozhanom_palto"]
[Black "vladislavkovalev"]
[Result "0-1"]
[WhiteElo "2643"]
[BlackElo "2875"]
[TimeControl "180+1"]
[EndTime "15:26:32 PDT"]
[Termination "vladislavkovalev won by resignation"]

1. c4 g6 2. Nc3 Bg7 3. d4 d6 4. e4 e5 5. d5 a5 6. f4 exf4 7. Bxf4 Nd7 8. Nf3 Ngf6 9. Bd3 Ng4 10. O-O Nge5 11. Qd2 Nxf3+ 12. Rxf3 Ne5 13. Rf2 O-O 14. h3 c6 15. Raf1 Qb6 16. Be3 Qb4 17. Qe2 a4 18.
a3 Qb3 19. c5 dxc5 20. Bxc5 Re8 21. Bd6 Qb6 22. Kh1 f6 23. Bb1 Bd7 24. Ba2 Kh8 25. Rxf6 Rad8 26. Bxe5 Rxe5 27. Rf7 Qc5 28. Qf3 Qd6 29.
dxc6 bxc6 30. Nxa4 Be8 31. Rf4 Qe7 32. Nb6 Rb8 33.
Nc4 Re6 34. b4 c5 35. Ne3 Ra6 36. Nd5 Qd6 37. bxc5 Qxc5 38. Nf6 Bb5 39. Rh4 Rxf6 40. Rf4 Rxf4 41. Qxf4 Rf8 42. Bf7 Bxf1 0-1

[Event "Late-Titled-Tuesday-Blitz-October-24-2023"]
[Site "Chess.com"]
[Date "2023.10.24"]
[Round "8"]
[White "Zhbugnoimt"]
[Black "Kostukov_Alex"]
[Result "1/2-1/2"]
[WhiteElo "2537"]
[BlackElo "2440"]
[TimeControl "180+1"]
[EndTime "15:26:32 PDT"]
[Termination "Game drawn by repetition"]

1. e4 c5 2. Nf3 g6 3. c3 Bg7 4. d4 cxd4 5. cxd4 d5 6. e5 Bg4 7. Be2 Nc6 8. Be3 Nh6 9. Qb3 Bxf3 10. Bxf3 Nf5 11. Bxd5 Nfxd4 12. Bxd4 Nxd4 13. Qa4+ Nc6 14. Bxc6+ bxc6 15. Qxc6+ Kf8 16. Qe4 Qa5+ 17. Nc3 Qxe5 18. O-O-O Rc8 19. Kb1 Qb8 20. Na4 Bf6 21. h4 h5 22. f3 Kg7 23. g4 hxg4 24. Qxg4 Rh5 25. f4 Qb4 26. Qxc8 Qxa4 27. Rhf1 Rb5 28. Rd2 Qe4+ 29. Ka1 Qe3 30. Rc2 Rxb2 31. Rxb2 Bxb2+ 32. Kxb2 Qe2+ 33. Kb3 Qxf1 34. Qc3+ Kg8 35. Qe5 e6 36. a4 Qb1+ 37. Kc4 Qb6 38. a5 Qc6+ 39. Qc5 Qe4+ 40. Qd4 Qc6+ 41. Qc5 Qa4+ 42. Qb4 Qc6+ 43. Qc5 1/2-1/2

[Event "Late-Titled-Tuesday-Blitz-October-24-2023"]
[Site "Chess.com"]
[Date "2023.10.24"]
[Round "8"]
[White "StellarChessPro"]
[Black "Elbebiber"]
[Result "1-0"]
[WhiteElo "2572"]
[BlackElo "2158"]
[TimeControl "180+1"]
[EndTime "15:26:34 PDT"]
[Termination "StellarChessPro won by resignation"]

1. a3 d5 2. Nf3 c6 3. b4 Bf5 4. Bb2 e6 5. d3 Nf6 6. Nbd2 Be7 7. g3 O-O 8. Bg2 Nbd7 9. O-O h6 10. Ne5 Nxe5 11.
Bxe5 Nd7 12. Bb2 Bf6 13. Qc1 Bxb2 14. Qxb2 Qf6 15. Qxf6 Nxf6 16. Rfc1 Rfd8 17. Kf1 Kf8 18. h3 Ke8 19. g4 Bg6 20. e3 Ke7 21. Ke2 Rac8 22. f4 Nd7 23. Nb3 f6 24. h4 Bf7 25.
Bh3 b6 26. Rg1 c5 27. Kd2 c4 28. Nd4 a6 29. h5 Rc7 30. g5 hxg5 31. fxg5 f5 32.
g6 Bg8 33. Raf1 cxd3 34. cxd3 Nf6 35. Bxf5 exf5 36. Nxf5+ Ke6 37. h6 gxh6 38. g7 Rdc8 39. Nd4+ Ke7 40. Rg6 Ne8 41. Rxb6 Nd6 42. Rxa6 h5 43.
Rh1 Bf7 44. Rxd6 Kxd6 45. Nb5+ Ke6 46. Nxc7+ Rxc7 47. Rxh5 Bg8 48. Rg5 Kf6 49. Rg1 Rxg7 50. Rxg7 Kxg7 51. a4 Kf6 52. Kc3 Ke5 53. b5 Kd6 54. Kb4 Kc7 55. Kc5 Be6 56. a5 Kb7 57. e4 Bf7 58. exd5 Be8 59. d6 Bd7 60. a6+ Ka7 61. d4 Be8 62. Kb4 Bd7 63. Ka5 Be8 64. b6+ Kb8 65. d5 Bd7 66. Kb4 Ka8 67. Kc4 Kb8 68. Kd4 Ka8 69. Ke5 Bb5 70. Kf6 Kb8 71. Ke7 Kc8 72. d7+ Bxd7 73. a7 Kb7 74. Kxd7 Ka8 75. d6 Kb7 76. Ke7 Ka8 77. d7 Kb7 78.
a8=Q+ Kxb6 79. d8=Q+ 1-0

[Event "Late-Titled-Tuesday-Blitz-October-24-2023"]
[Site "Chess.com"]
[Date "2023.10.24"]
[Round "8"]
[White "Escudito"]
[Black "protectiago"]
[Result "1-0"]
[WhiteElo "2467"]
[BlackElo "2054"]
[TimeControl "180+1"]
[EndTime "15:26:34 PDT"]
[Termination "Escudito won on time"]

1. d4 Nf6 2. c4 g6 3. Nc3 d5 4. cxd5 Nxd5 5. Bd2 Bg7 6. e4 Nxc3 7. Bxc3 O-O 8. Qd2 e6 9. f4 b6 10. Nf3 Qe7 11.
Bd3 Ba6 12. O-O Rd8 13. Bxa6 Nxa6 14. Qe2 Nb8 15. Rad1 Nd7 16. Ne5 Nxe5 17. fxe5 Rd7 18. Rf3 Rad8 19. Rfd3 Qg5 20. Bd2 Qh4 21. g3 Qe7 22.
Be3 c5 23. dxc5 Rxd3 24. Rxd3 Rxd3 25. Qxd3 bxc5 26. Qd6 Qf8 27. Bxc5 Qa8 28. Qd4 a6 29. b4 Bh6 30. Kg2 Bc1 31. a4 Qc8 32. Qd6 Ba3 33.
Kf3 Kg7 34. a5 h6 35. Qe7 Bb2 36. Qf6+ Kg8 37. Qe7 Bc3 38. Qd6 Qb7 39. Qf8+ Kh7 40. Be7 g5 41. Qxf7+ 1-0

[Event "Late-Titled-Tuesday-Blitz-October-24-2023"]
[Site "Chess.com"]
[Date "2023.10.24"]
[Round "8"]
[White "rychessmaster1"]
[Black "jaskol95"]
[Result "0-1"]
[WhiteElo "2664"]
[BlackElo "2562"]
[TimeControl "180+1"]
[EndTime "15:26:38 PDT"]
[Termination "jaskol95 won by checkmate"]

1. Nf3 e6 2. c4 f5 3. g3 Nf6 4.
Bg2 Be7 5. O-O O-O 6. b3 d6 7. d4 Ne4 8. Bb2 a5 9. Nfd2 d5 10. Nc3 c6 11. Qc2 Nd7 12. Rad1 Ndf6 13. Nf3 Bd7 14.
Ne5 Be8 15. f3 Nxc3 16. Bxc3 Bg6 17. e4 a4 18. Rfe1 axb3 19. axb3 Qb6 20. Nxg6 hxg6 21. exf5 gxf5 22. Rxe6 Rf7 23. c5 Qa6 24. Rde1 Bf8 25. Bh3 Qa2 26. Qxa2 Rxa2 27. Bxf5 Nd7 28. Bg4 Rc2 29.
R6e3 Nxc5 30. Bb4 Nd3 31. Rxd3 Bxb4 32. Re8+ Kh7 33. f4 b6 34. h4 Ra7 35. Rd1 g6 36. h5 Raa2 37. hxg6+ Kxg6 38. Bf3 Rf2 39. Bh1 c5 40.
Re6+ Kg7 41. Rxb6 Bc3 42. dxc5 d4 43. c6 Rfc2 44. Be4 d3 45. c7 Bd4+ 46. Kf1 Rf2+ 47. Kg1 Rg2+ 48. Kf1 Rg1# 0-1

[Event "Late-Titled-Tuesday-Blitz-October-24-2023"]
[Site "Chess.com"]
[Date "2023.10.24"]
[Round "8"]
[White "tteshan"]
[Black "karinachess1"]
[Result "1-0"]
[WhiteElo "2525"]
[BlackElo "2617"]
[TimeControl "180+1"]
[EndTime "15:26:39 PDT"]
[Termination "tteshan won by resignation"]

1. e4 e5 2. Nf3 Nc6 3. Bb5 Nf6 4.
O-O Nxe4 5. Re1 Nd6 6. Nxe5 Nxe5 7. Rxe5+ Be7 8. Bf1 O-O 9. d4 Bf6 10. Re1 Re8 11. c3 c6 12. Bf4 Rxe1 13. Qxe1 Ne8 14. Nd2 d5 15. Nf3 Be6 16. Bd3 Nd6 17. a4 a5 18. h3 Qd7 19. Ne5 Qe7 20. Qe2 Bf5 21. Nxc6 bxc6 22. Qxe7 Bxe7 23. Bxd6 Bxd6 24. Bxf5 Rb8 25.
Bd7 Rxb2 26. Bxc6 Rc2 27. Bxd5 Rxc3 28. Bf3 g6 29. Kf1 Rd3 30. d5 Bb4 31. Rc1 Kf8 32. Ke2 Rd2+ 33. Ke3 Ke7 34. Rc7+ Kf6 35. Rc6+ Ke5 36.
Rc4 f5 37. Rxb4 Ra2 38. Rc4 f4+ 39. Kd3 Rxf2 40. Re4+ Kf5 41. d6 Rb2 42. d7 Rb3+ 43. Kc4 Rb4+ 44. Kc5 Rb8 45. Kc6 g5 46. Re8 1-0

[Event "Late-Titled-Tuesday-Blitz-October-24-2023"]
[Site "Chess.com"]
[Date "2023.10.24"]
[Round "8"]
[White "Veleamater"]
[Black "GiorgianBarbosa"]
[Result "0-1"]
[WhiteElo "2328"]
[BlackElo "2437"]
[TimeControl "180+1"]
[EndTime "15:26:39 PDT"]
[Termination "GiorgianBarbosa won by resignation"]

1. g3 Nf6 2. Bg2 e6 3. d3 d5 4. Nf3 Be7 5. O-O O-O 6. h3 b6 7.
Nc3 Bb7 8. Nd2 c5 9. e4 Nc6 10. f4 a6 11. e5 Nd7 12. g4 f6 13. exf6 Bxf6 14. Nf3 Nd4 15. g5 Nxf3+ 16. Bxf3 Bd4+ 17.
Kg2 Bxc3 18. bxc3 e5 19. Qe2 exf4 20. Qe6+ Kh8 21. h4 Re8 22. Qd6 Ne5 23. Qxd8 Raxd8 24. Bxf4 Nxf3 25. Kxf3 d4+ 26. Kg3 dxc3 27. Rf2 b5 28.
Raf1 Rf8 29. h5 Bd5 30. Be5 Rxf2 31. Rxf2 b4 32. h6 Kg8 33. Bxg7 Bxa2 34. Rf6 b3 35.
cxb3 c2 36. Rf1 Rxd3+ 37. Kh4 Rd8 38. g6 hxg6 39. Kg5 Kh7 40. Bb2 Bxb3 41. Ra1 Rd5+ 42.
Kf6 Rd1 43. Rxa6 c1=Q 44. Bxc1 Rxc1 45. Ra7+ Kxh6 46. Ra8 Rf1+ 47. Ke5 Rf5+ 48. Ke4 c4 49. Rc8 Kg5 50. Rc7 Bc2+ 51. Ke3 Bd3 52. Rg7 Re5+ 53.
Kd4 Re4+ 54. Kc3 Kf6 55. Rg8 g5 56. Rf8+ Ke5 57. Rg8 g4 58. Rf8 Rf4 59. Rg8 Ke4 60. Kd2 Kf3 61. Re8 g3 62. Re3+ Kg4 63. Re7 g2 64. Kc3 Kf3 65. Rg7 Rg4 66. Rf7+ Kg3 0-1

[Event "Late-Titled-Tuesday-Blitz-October-24-2023"]
[Site "Chess.com"]
[Date "2023.10.24"]
[Round "8"]
[White "mbojan"]
[Black "Meri-Arabidze"]
[Result "0-1"]
[WhiteElo "2764"]
[BlackElo "2636"]
[TimeControl "180+1"]
[EndTime "15:26:41 PDT"]
[Termination "Meri-Arabidze won by checkmate"]

1. Nf3 b6 2. g3 Bb7 3. Bg2 Nf6 4. O-O g6 5. d3 d5 6. c4 dxc4 7. Qa4+ Nbd7 8. Qxc4 e6 9. Nc3 Bg7 10. Nb5 Nd5 11.
e4 a6 12. Nbd4 Ne7 13. Bg5 c5 14. Nxe6 fxe6 15. Qxe6 Nf8 16. Qb3 b5 17. Rac1 h6 18.
Be3 Nd7 19. Bh3 Rf8 20. Nh4 Ne5 21. Rfd1 g5 22. Nf5 Nxf5 23. Bxf5 Rxf5 24. Qe6+ Qe7 25.
Qxf5 Bc8 26. Qh7 Bg4 27. Qg8+ Qf8 28. Qd5 Rd8 29. Qb7 Bxd1 30. Rxd1 Qf3 31. Rd2 Rd7 32. Qxa6 Ng4 33. Qe6+ Re7 34. Qc8+ Kf7 35. Bxc5 Bf6 36.
h3 Ne5 37. d4 Nc4 38. Bxe7 Nxd2 39. Qf8+ Ke6 40. d5+ Ke5 41. Bxf6+ Qxf6 42. Qb4 Nxe4 43.
Qxb5 Qxf2+ 44. Kh1 Nxg3# 0-1

[Event "Late-Titled-Tuesday-Blitz-October-24-2023"]
[Site "Chess.com"]
[Date "2023.10.24"]
[Round "8"]
[White "Giorno"]
[Black "campochess"]
[Result "1-0"]
[WhiteElo "2533"]
[BlackElo "2212"]
[TimeControl "180+1"]
[EndTime "15:26:41 PDT"]
[Termination "Giorno won on time"]

1. Nc3 c5 2. Nf3 Nc6 3. d4 cxd4 4. Nxd4 Nf6 5. Bg5 e5 6. Ndb5 d6 7. Bxf6 gxf6 8. Nd5 Be6 9. Nbc7+ Kd7 10. Nxa8 Bxd5 11. Qxd5 Be7 12. O-O-O Qxa8 13. Qxf7 Qf8 14. Qxf8 Rxf8 15.
e3 a6 16. Bc4 f5 17. a3 Kc7 18. Bd5 f4 19. exf4 Rxf4 20. f3 Nd4 21. Kb1 Rf6 22.
Be4 h5 23. h4 Rf8 24. c3 Ne2 25. g4 Ng3 26. g5 Nxh1 27. Rxh1 Rf4 28. g6 Bf8 29. c4 b5 30. b3 bxc4 31. bxc4 Kb6 32. Kc2 Kc5 33. Kd3 Bh6 34. a4 Kb4 35. Rb1+ Ka5 36.
Rb7 Rxh4 37. Rh7 Bf8 38. g7 Bxg7 39. Rxg7 Rh2 40. Rd7 h4 41. Rxd6 Kxa4 42. Rxa6+ Kb4 43. Rh6 Kc5 44. Bd5 Kb4 45. Rh5 1-0

[Event "Late-Titled-Tuesday-Blitz-October-24-2023"]
[Site "Chess.com"]
[Date "2023.10.24"]
[Round "8"]
[White "meoluoi91"]
[Black "KVAIDAN"]
[Result "1/2-1/2"]
[WhiteElo "2596"]
[BlackElo "2436"]
[TimeControl "180+1"]
[EndTime "15:26:43 PDT"]
[Termination "Game drawn - insufficient material"]

1. d4 d5 2. c4 dxc4 3. e3 Be6 4. Na3 c5 5. Nf3 Nc6 6. Nxc4 cxd4 7. exd4 Nf6 8. Be2 g6 9. O-O Bg7 10. h3 O-O 11. Bg5 Bd5 12. Rc1 Bxf3 13. Bxf3 Nxd4 14. Bxb7 Rb8 15. Bf3 Nxf3+ 16. Qxf3 Qd5 17. Qe3 e6 18. Rfd1 Qb5 19. Bxf6 Bxf6 20. b3 Qa6 21. Rd2 Qb5 22. Rcd1 Bg5 23. f4 Bh6 24. g3 g5 25. Rg2 gxf4 26.
gxf4+ Kh8 27. Nd6 Qb6 28. Qxb6 axb6 29. f5 Bf4 30. fxe6 fxe6 31. Ne4 Be3+ 32. Kh1 Rf4 33.
Ng5 Re8 34. Re1 Bc5 35. Nxe6 Rf3 36. Rge2 Rxh3+ 37. Kg2 Rh6 38. Kf3 Bb4 39. Nf4 Rf8 40. Rg1 Rhf6 41. Rg4 Bd6 42. Re4 Bxf4 43. Rexf4 Rxf4+ 44. Rxf4 Rxf4+ 45. Kxf4 Kg7 46. Kg5 Kf7 47. b4 b5 48. Kf5 h6 49. Ke5 Kg6 50. Kd4 h5 51. a4 bxa4 52. b5 a3 53. Kc3 h4 54. b6 h3 55. b7 h2 56. b8=Q h1=Q 57. Qd6+ Kf5 58.
Qxa3 Qf3+ 59. Kb4 Qxa3+ 60. Kxa3 1/2-1/2

[Event "Late-Titled-Tuesday-Blitz-October-24-2023"]
[Site "Chess.com"]
[Date "2023.10.24"]
[Round "8"]
[White "djano"]
[Black "Mikhail_Golubev"]
[Result "0-1"]
[WhiteElo "2666"]
[BlackElo "2573"]
[TimeControl "180+1"]
[EndTime "15:26:44 PDT"]
[Termination "Mikhail_Golubev won by resignation"]

1. e4 c5 2. Nc3 Nc6 3. Bb5 Nf6 4. f4 Nd4 5. e5 Nxb5 6. Nxb5 Nd5 7. Ne2 a6 8. Nbc3 Nxc3 9. bxc3 d6 10. d4 dxe5 11. fxe5 Bg4 12. O-O e6 13. Be3 Be7 14. h3 Bxe2 15. Qxe2 O-O 16. a4 Rc8 17. Rab1 cxd4 18. cxd4 Qd5 19. Rfc1 Rc3 20. Bf2 Rfc8 21. Kh2 Bg5 22. Rf1 Rxc2 23. Qg4 Be7 24. Be3 g6 25. Rg1 h5 26. Qf4 Re2 27. Rbf1 Rf8 28.
Rf3 b5 29. Rg3 bxa4 30. Qh6 Qe4 31. Rf1 Bh4 32. Rgf3 a3 33. Bg5 Bxg5 34. Qxg5 a2 35. Qe7 Qb1 36. Qxf8+ Kxf8 37. Rxf7+ Ke8 38. Rf8+ Kd7 39.
R1f7+ Kc6 40. Rc8+ Kd5 41. Rd8+ Ke4 42. Rdf8 a1=Q 43.
Rf4+ Ke3 44. Rf3+ Kd2 45. d5 Qg1+ 0-1

[Event "Late-Titled-Tuesday-Blitz-October-24-2023"]
[Site "Chess.com"]
[Date "2023.10.24"]
[Round "8"]
[White "hblanco"]
[Black "ural58"]
[Result "1-0"]
[WhiteElo "2727"]
[BlackElo "2505"]
[TimeControl "180+1"]
[EndTime "15:26:46 PDT"]
[Termination "hblanco won on time"]

1. e4 d5 2. exd5 Qxd5 3. Nc3 Qd6 4. d4 c6 5. Nf3 Bf5 6. Bd3 Bxd3 7. Qxd3 Nf6 8. Bg5 Nbd7 9. O-O-O e6 10. Kb1 Be7 11. h4 h6 12. Bc1 Nb6 13. Ne5 Nbd5 14. Ne2 Nb4 15. Qg3 Nh5 16. Qf3 Nf6 17. a3 Nbd5 18. g4 Rf8 19. g5 hxg5 20. hxg5 Nd7 21. Nc4 Qc7 22. Rh7 b5 23. Ne3 g6 24. Ng4 b4 25.
Nh6 bxa3 26. Rxf7 axb2 27. Bxb2 Rb8 28. Rd3 Bxg5 29. Rxf8+ Nxf8 30. Ng4 Nf4 31. Rc3 Nxe2 32. Qxe2 Qf4 33. Qd1 Rb6 34. Ne5 Qe4 35. Ra3 Bf4 36. f3 Qd5 37. c4 Qd8 38. Nd3 Be3 39. Nc5 Qxd4 40. Qxd4 Bxd4 41. Nb3 Bxb2 42. Kxb2 Nd7 43. Kc2 Rb7 44. Nd4 Ne5 45. Kc3 Kf7 46. f4 Nd7 47. Nxc6 1-0